 Dungeon Crawl Stone Soup version 0.19-a0-1856-g32653aa (webtiles) character file.

34971 tb0li the Fighter (level 13, -13/107 HPs)
             Began as a Demonspawn Fighter on Oct 11, 2016.
             Was a High Priest of Ashenzari.
             Mangled by a catoblepas (15 damage)
             ... on level 6 of the Lair of Beasts.
             The game lasted 01:20:48 (16879 turns).

tb0li the Fighter (Demonspawn Fighter)             Turns: 16879, Time: 01:20:48

Health: -13/107    AC: 22    Str: 36    XL:     13   Next: 45%
Magic:  17/17      EV:  2    Int: 17    God:    Ashenzari [*****.]
Gold:   497        SH:  0    Dex: 21    Spells: 0 memorised, 12 levels left

rFire  + + .     SeeInvis +     d - +6 dire flail (crush) (curse)
rCold  . . .     Gourm    .     Q - +2 leather armour of Quhaucw {rF+ Str+10 Int-2} (curse)
rNeg   + + +     Faith    .     (shield currently unavailable)
rPois  ∞         Spirit   .     I - +2 hat {MR+} (curse)
rElec  .         Dismiss  .     E - +0 cloak "Suvid" {Slay+2} (curse)
rCorr  .         Reflect  .     e - +2 pair of gloves (curse)
MR     +....     Harm     .     (boots unavailable)
Stlth  +++++..... Clarity  +    Z - amulet of rage
                                K - ring "Nutihe Wezu" {rF+ Str+7 Int+2 Dex+3} (curse)
                                c - ring of Duaz Xoo {Int+6 Dex+4 Slay+1}

@: petrified, sanguine armour
A: talons 3, demonic guardian 1, spiny 1, sanguine armour 2
a: Curse Item, Scrying, Transfer Knowledge, Renounce Religion, Evoke Berserk
Rage


You were on level 6 of the Lair of Beasts.
You worshipped Ashenzari.
Ashenzari was extremely pleased with you.
You were not hungry.

You visited 3 branches of the dungeon, and saw 18 of its levels.
You also visited: Labyrinth.

You collected 1273 gold pieces.
You spent 776 gold pieces at shops.

Inventory:

Hand Weapons
 d - a cursed +6 dire flail of crushing (weapon)
Missiles
 N - 5 curare-tipped needles
Armour
 e - a cursed +2 pair of gloves (worn)
 l - +0 steam dragon scales
 E - the cursed +0 cloak "Suvid" (worn) {Slay+2}
   (You found it on level 5 of the Dungeon)

   It affects your accuracy and damage with ranged weapons and melee attacks
   (+2).
   It has a curse placed upon it.
 I - a cursed +2 hat of magic resistance (worn)
 Q - the cursed +2 leather armour of Quhaucw (worn) {rF+ Str+10 Int-2}
   (You found it on level 4 of the Dungeon)

   It affects your strength (+10).
   It affects your intelligence (-2).
   It protects you from fire.
   It has a curse placed upon it.
Rods
 H - a +2 rod of inaccuracy (12/12)
   (You took it off a minotaur in a labyrinth)
Jewellery
 c - the ring of Duaz Xoo (left hand) {Int+6 Dex+4 Slay+1}
   (You took it off a minotaur in a labyrinth)

   [ring of slaying]

   It affects your intelligence (+6).
   It affects your dexterity (+4).
   It affects your accuracy and damage with ranged weapons and melee attacks
   (+1).
 n - a cursed amulet of inaccuracy
 B - a +5 ring of protection
 K - the cursed ring "Nutihe Wezu" (right hand) {rF+ Str+7 Int+2 Dex+3}
   (You bought it in a shop on level 4 of the Dungeon)

   [ring of protection from fire]

   It affects your strength (+7).
   It affects your intelligence (+2).
   It affects your dexterity (+3).
   It protects you from fire.
   It has a curse placed upon it.
 L - an uncursed ring of positive energy
 O - an uncursed ring of positive energy
 R - an uncursed ring of poison resistance
 Z - an amulet of rage (around neck)
Wands
 b - a wand of slowing (16/48)
 g - a wand of iceblast (9/15)
 o - a wand of flame (33/48)
 r - a wand of lightning (6/15)
 y - a wand of acid (7/15)
 C - a wand of lightning (6/15)
 F - a wand of teleportation (5/9)
 J - a wand of polymorph (19/24)
 P - a wand of polymorph (3/24)
Scrolls
 k - 10 scrolls of teleportation
 q - 6 scrolls of fear
 t - a scroll of identify
 M - 10 scrolls of remove curse
 X - a scroll of acquirement
Potions
 h - 6 potions of curing
 i - 2 potions of heal wounds
 m - 2 potions of might
 u - 6 potions of lignification
 v - 2 potions of ambrosia
 x - 2 potions of flight {unknown}
 z - a potion of cancellation {unknown}
 G - 4 potions of cure mutation
 T - a potion of invisibility
 U - a potion of agility {unknown}
 W - a potion of berserk rage
 Y - 3 potions of haste {unknown}
Books
 s - a book of Air

   Spells                             Type                      Level
   a - Shock                          Conjuration/Air              1
   b - Swiftness                      Charms/Air                   2
   c - Repel Missiles                 Charms/Air                   2
   d - Static Discharge               Conjuration/Air              3
   e - Lightning Bolt                 Conjuration/Air              5
 w - a book of Alchemy

   Spells                             Type                      Level
   a - Sublimation of Blood           Necromancy                   2
   b - Ignite Poison                  Fire/Transmutation/Poison    3
   c - Petrify                        Transmutation/Earth          4
   d - Alistair's Intoxication        Transmutation/Poison         5
   e - Irradiate                      Conjuration/Transmutation    5
 A - the Disquisition on Twisted Poison
   (You found it in a labyrinth)

   Spells                             Type                      Level
   a - Apportation                    Translocation                1
   b - Spider Form                    Transmutation/Poison         3
   c - Controlled Blink               Translocation                8
   d - Disjunction                    Translocation                8
Miscellaneous
 p - a sack of spiders
Comestibles
 a - 26 fruits
 f - 6 bread rations
 j - 12 royal jellies
 D - 10 chunks of flesh
 V - 9 meat rations


   Skills:
 + Level 11.6 Fighting
 - Level 11.0(15.9) Maces & Flails
   Level 0.5 Slings
 - Level 8.8 Armour
 + Level 9.3(13.1) Dodging
 + Level 7.7(11.7) Stealth
   Level 2.6 Shields
 + Level 6.1 Evocations


You had 12 spell levels left.
You didn't know any spells.

Dungeon Overview and Level Annotations

Branches:
Dungeon (11/15)            Temple (1/1) D:5            Lair (6/6) D:10
 Shoals (0/4) Lair:3        Snake (0/4) Lair:3        Slime (0/5) Lair:6
    Orc: D:9-12

Altars:
Ashenzari
Cheibriados
Dithmenos
Elyvilon
Fedhas
Gozag
Hepliaklqana
Kikubaaqudgha
Makhleb
Nemelex Xobeh
Okawaru
Qazlal
Ru
Sif Muna
Trog
Uskayaw
Vehumet
Xom
Yredelemnul
Zin
The Shining One

Shops:
D:4 =?(


Innate Abilities, Weirdness & Mutations

You have claws for feet.
A weak demonic guardian rushes to your aid.
You are partially covered in sharp spines.
When seriously injured, your bleeding wounds create thick armour. (AC +9)


Message History

* * * LOW HITPOINT WARNING * * *
The spiny frog is struck by your spines.
The spiny frog stings you but does no damage.
The catoblepas breathes a plume of calcifying dust at you.
The blast of calcifying dust hits you!
* * * LOW HITPOINT WARNING * * *
You are engulfed in calcifying dust.
The spiny frog is struck by your spines.
The spiny frog stings you but does no damage.
The catoblepas gores you!!
* * * LOW HITPOINT WARNING * * *
The spiny frog stings you!
* * * LOW HITPOINT WARNING * * *
You are engulfed in calcifying dust.
The catoblepas gores you!
* * * LOW HITPOINT WARNING * * *
The spiny frog stings you.
* * * LOW HITPOINT WARNING * * *
You are engulfed in calcifying dust.
The spiny frog barely misses you. The catoblepas gores you!!
You die...

......# * , , *** ##.......P#
.....##* , ,.... . #........##
...### Y#...##. #.......P##
...#**{, .F......
##........#### ..## {,,, ,
,...#.#* #.........#.# ..# { {
* ....### #.......#.##. .##*,
,#####....##..........#.. .## *
∆ ,#.....F...#........P..#. ..#
* * * #..##Y@§§P#.............
..# ####...5.....##............
..#
###..#####....###............
.##
###P...#.......P#**............
.# ##..............##
............. .#
#...............#
*.............
.###P.......#...P.##
*#............
..##....#.###..#.##
#............
.##.....#...########
##............


You could see a catoblepas, a spiny frog and a friendly white imp (petrified).

Vanquished Creatures
  A minotaur (Lab)
  6 hydras
  A naga sharpshooter (Lair:3)
  Nergalle (Lair:2)
  A hill giant (D:11)
  A manticore (Lair:6)
  4 elephants (Lair:3)
  4 black mambas
  A torpor snail (Lair:6)
  12 spiny frogs
  6 komodo dragons
  3 rime drakes
  A troll (D:10)
  2 polar bears
  A queen bee (Lair:1)
  4 merfolk (Lair:3)
  The ghost of tb0li the Shield-Bearer, an amateur DsFi (D:4)
  A two-headed ogre (D:9)
  10 blink frogs (Lair:6)
  Grinder (D:3)
  5 hippogriffs
  2 dream sheep (Lair:6)
  A redback (Lab)
  A shadow (D:11)
  A wyvern (Lair:6)
  3 basilisks
  3 hungry ghosts
  Grum (D:8)
  A steam dragon (Lair:4)
  Edmund (D:4)
  9 water moccasins
  A hell hound (Lair:6)
  16 porcupines
  2 phantoms
  3 ice beasts (D:9)
  5 black bears
  2 orc warriors
  6 ogres
  A necrophage (D:9)
  15 wolves
  5 centaurs
  7 crocodiles
  4 big kobolds
  11 bullfrogs
  A gnoll sergeant (D:5)
  3 scorpions
  26 killer bees
  4 wights (D:6)
  3 electric eels
  4 howler monkeys
  5 crimson imps
  A bullfrog zombie (D:6)
  2 centaur zombies
  12 hounds
  A bullfrog skeleton (D:9)
  2 orc priests
  4 jellies
  A centaur skeleton (D:4)
  4 iguanas
  4 gnoll shamans (D:5)
  3 orc wizards
  7 worker ants
  Terence (D:3)
  A hound zombie (D:5)
  A hound skeleton (D:8)
  37 gnolls
  15 adders
  2 shadow imps
  3 oozes
  3 adder skeletons
  3 worms
  A dart slug (D:2)
  6 leopard geckos
  9 orcs
  2 giant cockroaches
  2 goblins (D:2)
  7 hobgoblins
  19 jackals
  9 quokkas
  2 ball pythons
  3 bats
  9 frilled lizards
  23 kobolds
  A quokka zombie (D:9)
  6 rats
  A plant (D:5)
421 creatures vanquished.

Vanquished Creatures (collateral kills)
  A hill giant (D:10)
  2 black mambas
  A troll (D:10)
  A polar bear (Lair:2)
  A hornet (D:9)
  A black bear (Lair:2)
7 creatures vanquished.

Vanquished Creatures (others)
  3 fungi
  8 plants
11 creatures vanquished.

Grand Total: 439 creatures vanquished

Notes
Turn   | Place    | Note
-------+----------+-------------------------------------------
     0 | D:1      | tb0li the Demonspawn Fighter began the quest for the Orb.
     0 | D:1      | Reached XP level 1. HP: 18/18 MP: 1/1
   275 | D:1      | Reached skill level 1 in Slings
   315 | D:1      | Gained mutation: You have sharp toenails. [demonic ancestry]
   315 | D:1      | Reached XP level 2. HP: 24/24 MP: 2/2
   771 | D:2      | Reached XP level 3. HP: 27/29 MP: 3/3
   833 | D:2      | Reached XP level 4. HP: 35/35 MP: 4/4
  1354 | D:3      | Noticed Terence
  1367 | D:3      | Killed Terence
  1367 | D:3      | Reached XP level 5. HP: 38/41 MP: 5/5
  1416 | D:3      | Noticed Grinder
  1429 | D:3      | Killed Grinder
  1429 | D:3      | Reached XP level 6. HP: 47/47 MP: 6/6
  1507 | D:3      | Found a hazy altar of Hepliaklqana.
  2210 | D:4      | Noticed a hippogriff
  2223 | D:4      | Killed a hippogriff
  2223 | D:4      | Reached skill level 5 in Maces & Flails
  2223 | D:4      | Gained mutation: When seriously injured, your bleeding wounds create armour. (AC +9) [demonic ancestry]
  2223 | D:4      | Reached XP level 7. HP: 12/52 MP: 7/7
  2708 | D:4      | Found Zaeps's Magic Scroll Boutique.
  2728 | D:4      | Bought a scroll of random uselessness for 12 gold pieces
  2728 | D:4      | Bought a scroll of remove curse for 36 gold pieces
  2728 | D:4      | Bought a scroll of remove curse for 36 gold pieces
  2728 | D:4      | Bought a scroll of remove curse for 36 gold pieces
  2728 | D:4      | Bought a scroll of remove curse for 36 gold pieces
  2728 | D:4      | Bought a scroll of fog for 24 gold pieces
  2728 | D:4      | Bought a scroll of identify for 24 gold pieces
  2764 | D:4      | Found Rotam's Weapon Shop.
  2765 | D:4      | Noticed Edmund
  2779 | D:4      | Killed Edmund
  2779 | D:4      | Reached skill level 5 in Slings
  2807 | D:4      | Got a slimy leather armour
  3011 | D:4      | Identified the +2 leather armour of Quhaucw {rF+ Str+10 Int-2} (You found it on level 4 of the Dungeon)
  3437 | D:4      | Found Tatiocs's Jewellery Shoppe.
  3437 | D:4      | Noticed tb0li's ghost (amateur DsFi)
  3464 | D:4      | Killed tb0li's ghost
  3464 | D:4      | Gained mutation: When seriously injured, your bleeding wounds create thick armour. (AC +9) [demonic ancestry]
  3464 | D:4      | Reached XP level 8. HP: 44/58 MP: 8/8
  3920 | D:5      | Entered Level 5 of the Dungeon
  3987 | D:5      | Found a staircase to the Ecumenical Temple.
  4029 | Temple   | Entered the Ecumenical Temple
  4120 | Temple   | Became a worshipper of Ashenzari the Shackled
  5648 | D:5      | Gained mutation: A weak demonic guardian rushes to your aid. [demonic ancestry]
  5648 | D:5      | Reached XP level 9. HP: 63/63 MP: 9/9
  5654 | D:5      | Got the uncursed cloak "Suvid" {Slay+2}
  5665 | D:5      | Identified the +0 cloak "Suvid" {Slay+2} (You found it on level 5 of the Dungeon)
  5683 | D:5      | Found a glowing golden altar of the Shining One.
  5688 | D:5      | Found a deep blue altar of Sif Muna.
  6042 | D:6      | Reached skill level 1 in Dodging
  6457 | D:6      | Found a stormy altar of Qazlal.
  6458 | D:6      | Found a shimmering altar of Xom.
  6837 | D:7      | Reached * piety under Ashenzari
  7417 | D:8      | Reached skill level 10 in Maces & Flails
  7752 | D:8      | Noticed Grum
  7786 | D:8      | Killed Grum
  8280 | D:8      | Reached skill level 5 in Fighting
  8332 | D:9      | Gained mutation: You have razor-sharp toenails. [demonic ancestry]
  8332 | D:9      | Reached XP level 10. HP: 74/74 MP: 10/10
  8626 | D:9      | Reached skill level 5 in Armour
  8758 | D:9      | Reached ** piety under Ashenzari
  9028 | D:10     | Entered Level 10 of the Dungeon
  9164 | D:10     | Found a staircase to the Lair.
  9212 | D:10     | Noticed a hill giant
  9220 | D:10     | Killed a hill giant
  9220 | D:10     | Reached skill level 5 in Dodging
  9318 | D:10     | Found a stormy altar of Qazlal.
  9549 | D:11     | Noticed a hill giant
  9559 | D:11     | Killed a hill giant
  9601 | D:11     | Found a labyrinth entrance.
  9620 | D:11     | Gained mutation: You are partially covered in sharp spines. [demonic ancestry]
  9620 | D:11     | Reached XP level 11. HP: 57/83 MP: 11/11
  9671 | Lab      | Entered a labyrinth
  9838 | Lab      | Reached *** piety under Ashenzari
 10401 | Lab      | Identified the ring of Royalty {Fire +Inv Int-2 Dex+3}
 10401 | Lab      | Noticed a minotaur
 10405 | Lab      | Killed a minotaur
 10405 | Lab      | Identified the ring of Duaz Xoo {Int+6 Dex+4 Slay+1} (You took it off a minotaur in a labyrinth)
 10405 | Lab      | Identified the cursed +1 hunting sling of Courage {venom, -Tele rN++ Str+8 Dex-3} (You took it off a minotaur in a labyrinth)
 10414 | Lab      | Identified the Disquisition on Twisted Poison
 10690 | D:4      | Bought the ring "Nutihe Wezu" {rF+ Str+7 Int+2 Dex+3} for 572 gold pieces
 10965 | Lair:1   | Entered Level 1 of the Lair of Beasts
 11004 | Lair:1   | Reached skill level 1 in Stealth
 12255 | Lair:2   | Reached **** piety under Ashenzari
 12255 | Lair:2   | Noticed Nergalle
 12262 | Lair:2   | Killed Nergalle
 12691 | Lair:2   | Noticed a four-headed hydra
 12698 | Lair:2   | Killed a four-headed hydra
 12860 | Lair:2   | Reached skill level 1 in Evocations
 13072 | Lair:2   | Gained mutation: You have claws for feet. [demonic ancestry]
 13072 | Lair:2   | Reached XP level 12. HP: 94/94 MP: 13/13
 13276 | Lair:3   | Found a staircase to the Snake Pit.
 13365 | Lair:3   | Reached skill level 5 in Stealth
 13672 | Lair:3   | Found a staircase to the Shoals.
 14411 | Lair:4   | Noticed a five-headed hydra
 14416 | Lair:4   | Killed a five-headed hydra
 14627 | Lair:4   | Noticed a four-headed hydra
 14633 | Lair:4   | Killed a four-headed hydra
 14790 | Lair:4   | Noticed a seven-headed hydra
 14799 | Lair:4   | Killed a seven-headed hydra
 15007 | Lair:4   | Noticed an eight-headed hydra
 15011 | Lair:4   | Killed an eight-headed hydra
 15672 | Lair:5   | Identified a scroll of acquirement
 15748 | Lair:5   | Reached XP level 13. HP: 98/102 MP: 16/16
 15835 | Lair:5   | Reached ***** piety under Ashenzari
 16282 | Lair:6   | Entered Level 6 of the Lair of Beasts
 16286 | Lair:6   | Reached skill level 5 in Evocations
 16389 | Lair:6   | Reached skill level 10 in Fighting
 16400 | Lair:6   | Found a staircase to the Slime Pits.
 16631 | Lair:6   | Reduced skill Slings to level 1
 16878 | Lair:6   | HP: 3/107 [catoblepas (7)]
 16878 | Lair:6   | HP: 1/107 [spiny frog (2)]
 16879 | Lair:6   | Mangled by a catoblepas

Vault maps used:
D:1:      minmay_arrival_four_circles, minivault_11, grunt_decor_mini_mirrors
D:2:      serial_bayou_pond_c, small_statue_intersection
D:3:      nicolae_overflow_hidden_temple, uniq_grinder, uniq_terence
D:4:      kb_forest_paths, first_bread, serial_shops, nicolae_shop_waterfront,
          shop, nicolae_shop_crystal, uniq_edmund
D:5:      lemuel_castle_with_subvaults, amethyst_overflow_temple_binary,
          kennysheep_generic_room_13
D:6:      gammafunk_temple_overflow_pools, minmay_hedge_maze
D:8:      uniq_grum
D:10:     lair_0_dummy, basic_altar
D:11:     lab_entry_generic, uniq_gastronok
Temple:   lightli_temple_of_artemis
Lair:1:   special_room, serial_bayou_shore_b, grunt_megastairs_1,
          serial_bayou_shore_b
Lair:2:   gammafunk_lair_bear_cave, minmay_holes, beast_lair_carwin_6,
          uniq_nergalle
Lair:3:   elwin_shoals_entry_stream, dummy_snake_entry,
          infiniplex_staircase_pool, serial_bayou_shore_b, lemuel_fruit_tree,
          serial_bayou_shore_a, grunt_megastairs_5
Lair:5:   st_stairs_13
Lair:6:   hangedman_lair_in_review, hangedman_lair_caniforms_friends,
          nicolae_slime_entry_slimehenge, nicolae_lair_yak_garden
Lab:      labyrinth_watery, nicolae_lab_quarters, labyrinth_skeletal_remains

Skill      XL: |  1  2  3  4  5  6  7  8  9 10 11 12 13 |
---------------+----------------------------------------+-----
Slings         | 1 2 3 4 5 0 |  0.5
Maces & Flails | 2 3 4 5 6 9 10 11 | 11.0
Armour         | 4 6 7 8 |  8.8
Dodging        | 3 5 7 8 9 |  9.3
Fighting       | 5 6 8 9 11 | 11.6
Stealth        | 4 6 7 |  7.7
Evocations     | 1 4 6 |  6.1
Shields        | |  2.6

Action                   |  1- 3 |  4- 6 |  7- 9 | 10-12 | 13-15 || total
-------------------------+-------+-------+-------+-------+-------++-------
Melee: Flail             |    40 |     9 |    92 |       |       ||   141
       Dire flail        |       |       |   359 |   408 |    91 ||   858
       Kick              |       |       |       |   173 |    27 ||   200
 Fire: Hunting sling     |    29 |   113 |    20 |       |       ||   162
Invok: Curse Item        |       |       |     4 |     2 |       ||     6
       Transfer Knowledg |       |       |       |       |     1 ||     1
  Use: Potion            |       |       |     7 |     2 |       ||     9
       Scroll            |       |       |       |    21 |       ||    21
 Stab: Distracted        |       |       |     2 |     2 |     1 ||     5
       Sleeping          |       |       |     1 |    16 |     8 ||    25
       Petrified         |       |       |       |       |     1 ||     1
  Eat: Chunk             |       |     4 |    13 |    16 |     3 ||    36
       Meat ration       |       |       |     1 |     1 |       ||     2
       Pizza             |       |       |     1 |       |       ||     1
       Beef jerky        |       |       |       |     3 |       ||     3
Armor: Scale mail        |    27 |    22 |     9 |       |       ||    58
       Leather armour    |       |       |   162 |    99 |    23 ||   284
       Skin              |       |       |     3 |       |       ||     3
Dodge: Dodged            |     5 |    19 |   235 |   273 |    58 ||   590
Block: Shield            |    22 |       |       |       |       ||    22
       Buckler           |       |     8 |    14 |       |       ||    22
